 Dungeon Crawl Stone Soup version 0.21.1-1-g345015fe64 (webtiles) character file.

77 DildoBatman the Sneak (level 4, -1/35 HPs)
             Began as a Formicid Enchanter on Apr 18, 2018.
             Slain by a gnoll
             ... wielding a +0 halberd
              (12 damage)
             ... on level 2 of the Dungeon.
             The game lasted 00:06:27 (2331 turns).

DildoBatman the Sneak (Formicid Enchanter)          Turns: 2331, Time: 00:06:28

Health: -1/35      AC:  4    Str: 14    XL:     4   Next: 58%
Magic:  7/7        EV: 12    Int: 10    God:
Gold:   114        SH:  0    Dex: 11    Spells: 3/7 levels left

rFire    + . .     SeeInvis +   a - +3 dagger
rCold    + . .     Gourm    .   (no shield)
rNeg     + . .     Faith    .   k - +0 leather armour
rPois    .         Spirit   .   (helmet unavailable)
rElec    .         Reflect  .   n - scarf {rC+ rF+}
rCorr    .         Harm     .   f - +0 pair of gloves
MR       .....                  (no boots)
Stlth    ++........             (no amulet)
HPRegen  0.11/turn              q - ring of positive energy
MPRegen  0.10/turn              t - -4 ring of intelligence (curse)

@: no status effects
A: permanent stasis, dig shafts and tunnels, four strong arms, antennae 3
a: Dig, Shaft Self


You were on level 2 of the Dungeon.
You were not hungry.

You visited 1 branch of the dungeon, and saw 2 of its levels.

You collected 114 gold pieces.

Inventory:

Hand Weapons
 a - a +3 dagger (weapon)
Missiles
 e - 14 arrows
 h - 31 stones (quivered)
Armour
 f - a +0 pair of gloves (worn)
 k - a +0 leather armour (worn)
 n - a scarf of resistance (worn)
Jewellery
 q - a ring of positive energy (left hand)
 t - a cursed -4 ring of intelligence (right hand)
Scrolls
 g - 4 scrolls of identify {unknown}
 j - a scroll of blinking {unknown}
 l - 4 scrolls of teleportation {unknown}
 o - 2 scrolls of enchant armour {unknown}
 s - a scroll of remove curse {unknown}
 w - a scroll of fog {unknown}
Potions
 b - 2 potions of degeneration {unknown}
 d - a potion of cancellation {unknown}
 i - 2 potions of heal wounds {unknown}
 m - 2 potions of ambrosia {unknown}
 p - a potion of agility {unknown}
 r - a potion of mutation {unknown}
 x - a potion of curing {unknown}
Books
 c - a book of Maledictions

   Spells                             Type                      Level
   a - Corona                         Hexes                        1
   b - Ensorcelled Hibernation        Hexes/Ice                    2
   c - Confuse                        Hexes                        3
   d - Tukima's Dance                 Hexes                        3
   e - Dazzling Spray                 Conjuration/Hexes            3
Comestibles
 u - 3 chunks of flesh
 v - 3 rations


   Skills:
 - Level 3.0 Fighting
 - Level 1.0 Short Blades
 * Level 2.0 Armour
 - Level 2.0 Dodging
 - Level 4.0 Stealth
 - Level 2.1 Spellcasting
 - Level 3.6 Hexes


You had 3 spell levels left.
You knew the following spells:

 Your Spells              Type           Power        Failure   Level  Hunger
a - Corona                Hex            #......      9%          1    ##.....
b - Confuse               Hex            #.......     26%         3    ####...


Dungeon Overview and Level Annotations

Branches:
Dungeon (2/15)

Altars:
Ru


Innate Abilities, Weirdness & Mutations

You cannot be hasted, slowed, berserked, paralysed or teleported.
You can dig through walls and to a lower floor.
Your four strong arms can wield two-handed weapons with a shield.
You have a pair of large antennae on your head. (SInv)


Message History

You hit the gnoll.
The gnoll is heavily wounded.
The gnoll hits you with a whip!
You barely miss the gnoll.
The gnoll is heavily wounded.
The gnoll closely misses you.
You barely miss the gnoll.
The gnoll is heavily wounded.
The gnoll barely misses you.
You hit the gnoll.
The gnoll is severely wounded.
The gnoll hits you with a whip! The gnoll barely misses you.
You hit the gnoll.
You kill the gnoll!
Your Armour skill increases to level 2!
The gnoll misses you.
You see here a whip.
The gnoll hits you from afar with a halberd!
You die...

######## ### #.# { { #
####.######## { .#
##...........# { ###
.#.#####.#####.### ####
##.##..###.......##....
..#.
##...##..#........##.###
...##........#...#.......#
#..##...##..#...#...)...#
#..##.##.@##........####
#..###..#)#.###....#
#..#..#.#g..####..# ###
#.#...#.#.#..# #..# #..
############..# #..####..
.........{....# #.......<
...........>.>####.#####..
##########..#####.##.....#
#..
......{..#.....)..##.#.#.#
##.


You could see a gnoll.

Vanquished Creatures
  A gnoll (D:2)
  An adder (D:2)
  3 worms
  A dart slug (D:1)
  2 leopard geckos
  3 ball pythons
  A giant cockroach (D:1)
  7 goblins
  A hobgoblin (D:2)
  4 jackals (D:1)
  5 bats
  5 frilled lizards
  7 kobolds
  3 rats
44 creatures vanquished.

Notes
Turn   | Place    | Note
-------+----------+-------------------------------------------
     0 | D:1      | DildoBatman the Formicid Enchanter began the quest for the Orb.
     0 | D:1      | Reached XP level 1. HP: 13/13 MP: 3/3
   126 | D:1      | Reached skill level 1 in Fighting
   273 | D:1      | Reached XP level 2. HP: 21/21 MP: 3/5
   639 | D:1      | Reached XP level 3. HP: 15/28 MP: 3/6
   646 | D:1      | Learned a level 3 spell: Confuse
  2041 | D:2      | Reached XP level 4. HP: 35/35 MP: 3/7
  2069 | D:2      | Reached skill level 1 in Armour
  2091 | D:2      | Reached skill level 4 in Stealth
  2173 | D:2      | Found a sacrificial altar of Ru.
  2331 | D:2      | Slain by a gnoll

Skill      XL: |  1  2  3  4 |
---------------+-------------+-----
Fighting       | 1 2 3 |  3.0
Dodging        | 2 |  2.0
Armour         | 2 |  2.0
Stealth        | 4 |  4.0
Short Blades   | |  1.0
Spellcasting   | |  2.1
Hexes          | |  3.6

Action                   |  1- 3 |  4- 6 || total
-------------------------+-------+-------++-------
Melee: Dagger            |   132 |    35 ||   167
 Cast: Corona            |    30 |     4 ||    34
 Abil: Dig               |     2 |     3 ||     5
 Stab: Sleeping          |     4 |     2 ||     6
  Eat: Chunk             |     4 |     2 ||     6
Armor: Robe              |     5 |       ||     5
       Leather armour    |    22 |    13 ||    35
Dodge: Dodged            |    57 |    20 ||    77
